 Dungeon Crawl Stone Soup version 0.30-a0-377-g5cb311bc9f (console) character file.

Game seed: 5171439671550582307

22 rlgrobin the Sneak (level 2, -7/18 HPs)
             Began as a Deep Elf Chaos Knight on Nov 29, 2022.
             Was a Plaything of Xom.
             Mangled by a black mamba (shapeshifter) (14 damage)
             ... on level 1 of the Dungeon.
             The game lasted 00:01:12 (717 turns).

rlgrobin the Sneak (Deep Elf Chaos Knight)           Turns: 717, Time: 00:01:12

Health: -7/18      AC:  5    Str:  9    XL:     2   Next: 68%
Magic:  4/4        EV: 12    Int: 16    God:    Xom [..*...]
Gold:   8          SH:  0    Dex: 14    Spells: 1/1 levels left

rFire   . . .      SeeInvis .    a - +0 short sword (chaos)
rCold   . . .      Faith    .    (no shield)
rNeg    . . .      Spirit   .    b - +2 leather armour
rPois   .          Reflect  .    (no helmet)
rElec   .          Harm     .    (no cloak)
rCorr   .          Rampage  .    (no gloves)
Will    .....                    (no boots)
Stlth   ++........               (no amulet)
HPRegen 0.23/turn                (no ring)
MPRegen 0.09/turn                (no ring)

@: mighty
A: no striking features
a: Renounce Religion


You were on level 1 of the Dungeon.
You worshipped Xom.
You were a toy of Xom.
You visited 1 branch of the dungeon, and saw 1 of its levels.

You collected 8 gold pieces.

Inventory:

Hand Weapons
 a - a +0 short sword of chaos (weapon)
Missiles
 e - 6 poisoned darts (quivered)
Armour
 b - a +2 leather armour (worn)
Scrolls
 d - a scroll of amnesia {unknown}
 f - 4 scrolls of identify {unknown}
Potions
 g - 2 potions of might {unknown}
 h - a potion of haste {unknown}
Miscellaneous
 c - a piece from Xom's chessboard (15/15)


   Skills:
 - Level 2.4 Fighting
 - Level 3.0 Short Blades
 - Level 0.7 Armour
 - Level 2.4 Dodging
 + Level 3.3 Stealth


You had one spell level left.
You didn't know any spells.
Your spell library was empty.

Dungeon Overview and Level Annotations

Branches:
Dungeon (1/15)

Altars:


Message History

The hobgoblin hits you but does no damage.
You hit the hobgoblin.
The hobgoblin is severely wounded.
The hobgoblin hits you.
You closely miss the hobgoblin.
The hobgoblin is severely wounded.
The hobgoblin closely misses you.
You hit the hobgoblin but do no damage.
The hobgoblin is severely wounded.
You hit the hobgoblin. You freeze the hobgoblin.
You kill the hobgoblin!
Items here: ) †††.
An endoplasm comes into view.
g - 2 coppery potions (gained 1)
There are no items here.
Found 3 stones.
The endoplasm quivers.
The endoplasm freezes you.
You are frozen.
A shower of butterflies erupts from you!
You hit the endoplasm.
The endoplasm changes into a shapeshifter!
Xom is mildly amused.
Xom grants you a minor favour.
You feel very mighty all of a sudden.
The shapeshifter changes into a black mamba!
You hit the black mamba. You burn the black mamba.
The black mamba is lightly wounded.
Xom's power almost touches on you for a moment.
Your piece from Xom's chessboard (15/15) falls out of your pack, then immediately jumps back in!
The black mamba misses you.
You puncture the black mamba!
Lightning courses through the black mamba!
The black mamba is almost dead.
The black mamba barely misses you.
You closely miss the black mamba.
The black mamba is almost dead.
The black mamba bites you! x2
Ouch! That really hurt!
You die...
Xom snickers!

#.# ##+# #######.###
##.>.## ..........#
##.[...# # .####.....#
##....... #
(.###......###........
+
......b.b....+........
# .
.###..b...###........
# ....###..#.###
##....... #....@S###
##.....# #####b##
##...## #.# ##'## ...
####.# ##b#
.######.##.# #..
.........#.### ###
.######.......
##.....# ##...##


You could see a black mamba shaped shifter (ally target).

Vanquished Creatures
  5 ball pythons (D:1)
  3 bats (D:1)
  An endoplasm (D:1)
  A giant cockroach (D:1)
  3 hobgoblins (D:1)
  A quokka (D:1)
  3 kobolds (D:1)
  A rat (D:1)
18 creatures vanquished.

Notes
Turn   | Place    | Note
-------+----------+-------------------------------------------
     0 | D:1      | rlgrobin the Deep Elf Chaos Knight began the quest for the
                  | Orb.
     0 | D:1      | Reached XP level 1. HP: 13/13 MP: 3/3
    25 | D:1      | Reached skill level 1 in Stealth
    84 | D:1      | XOM: divination: detect creatures
   106 | D:1      | Reached XP level 2. HP: 17/18 MP: 4/4
   713 | D:1      | XOM: butterfly on damage
   714 | D:1      | an endoplasm changed into a shapeshifter
   714 | D:1      | Noticed a shapeshifter (shapeshifter)
   714 | D:1      | XOM: potion effect (might)
   714 | D:1      | a shapeshifter changed into a black mamba
   714 | D:1      | Noticed a black mamba (shapeshifter)
   715 | D:1      | XOM: silly message
   717 | D:1      | Mangled by a black mamba (shapeshifter)

Illustrated notes

Levels and vault maps discovered:
D:1:      psy_arrival_spokes, layout_loops_corners

Skill      XL: |  1  2 |
---------------+-------+-----
Stealth        | 2 3 |  3.3
Fighting       | |  2.4
Short Blades   | |  3.0
Armour         | |  0.7
Dodging        | |  2.4

Action                   || total
-------------------------++-------
Melee: Short sword       ||    70
Armor: Leather armour    ||    23
Dodge: Dodged            ||    27

Table legend: (Time is in decaauts)
 A = Elapsed time spent in this place.
 B = Non-inter-level travel time spent in this place.
 C = Inter-level travel time spent in this place.
 D = Time resting spent in this place.
 E = Time spent auto-exploring this place.
 F = Levels seen in this place.
 G = Mean time per level.
                   A        B        C        D        E       F      G
               +--------+--------+--------+--------+--------+-----+--------+
         Total |    706 |    706 |      0 |     41 |    511 |   1 |  706.0 |
       Dungeon |    706 |    706 |      0 |     41 |    511 |   1 |  706.0 |
               +--------+--------+--------+--------+--------+-----+--------+

Top non-repeatable levels by time:
     D:1: 706 daAuts
